 Dungeon Crawl Stone Soup version 0.30.0-19-g36f170ea60 (webtiles) character file.

Game seed: 2608444619276054104

263 wesker116 the Chopper (level 6, -2/53 HPs)
             Began as a Hill Orc Fighter on May 30, 2023.
             Was an Initiate of Beogh.
             Slain by a black bear (7 damage)
             ... on level 4 of the Dungeon.
             The game lasted 00:12:47 (2307 turns).

wesker116 the Chopper (Hill Orc Fighter)            Turns: 2307, Time: 00:12:48

Health: -2/53      AC: 11    Str: 24    XL:     6   Next: 19%
Magic:  6/6        EV: 10    Int: 10    God:    Beogh [......]
Gold:   62         SH:  4    Dex: 10    Spells: 5/5 levels left

rFire   + . .        e - +0 hand axe
rCold   . . .        c - +0 buckler
rNeg    . . .        A - +3 scale mail of Kiut {Str+3 Int+2}
rPois   +            (no helmet)
rElec   .            x - scarf {harm}
rCorr   .            (no gloves)
SInv    .            f - +0 pair of boots
Will    .....        (no amulet) Stlth
                     o - ring of poison resistance
HPRegen 0.28/turn    u - ring of protection from fire
MPRegen 0.10/turn

%: harm (+30% outgoing, +20% incoming)
@: weak-willed
A: no striking features
a: Renounce Religion


You were on level 4 of the Dungeon.
You worshipped Beogh.
Beogh was noncommittal.
You visited 1 branch of the dungeon, and saw 5 of its levels.

You collected 62 gold pieces.

Inventory:

Hand Weapons
 a - a +0 war axe
 e - a +0 hand axe (weapon)
 D - a +0 battleaxe
Armour
 b - a +0 scale mail
 c - a +0 buckler (worn)
 f - a +0 pair of boots (worn)
 n - a +0 plate armour
 x - a scarf of harm (worn)
 A - the +3 scale mail of Kiut (worn) {Str+3 Int+2}
   (You found it on level 3 of the Dungeon)

   Str:       It affects your strength (+3).
   Int:       It affects your intelligence (+2).
Jewellery
 o - a ring of poison resistance (left hand)
 u - a ring of protection from fire (right hand)
 y - a ring of see invisible
 C - a ring of wizardry
Scrolls
 g - 2 scrolls of identify
 l - a scroll of vulnerability
 z - a scroll of enchant armour
Potions
 d - 2 potions of might
 h - a potion of resistance {unknown}
 i - a potion of ambrosia {unknown}
 j - 2 potions of haste {unknown}
 p - a potion of flight {unknown}
 q - a potion of heal wounds {unknown}
 r - 2 potions of cancellation {unknown}
 s - 3 potions of degeneration {unknown}
 t - 2 potions of lignification {unknown}
 v - a potion of brilliance {unknown}
 w - a potion of magic {unknown}


   Skills:
 + Level 4.6 Fighting
 + Level 5.8 Axes
 + Level 4.4 Armour
 + Level 1.0 Dodging
 + Level 3.9 Shields


You had 5 spell levels left.
You didn't know any spells.
Your spell library contained the following spells:

 Spells                   Type           Power      Damage    Failure   Level
 Apportation              Tloc           0%         N/A       71%         1
 Necrotise                Necr           0%         1d4       71%         1
 Sandblast                Erth           0%         2d4       71%         1
 Summon Small Mammal      Summ           0%         N/A       71%         1
 Ensorcelled Hibernation  Hex/Ice        0%         N/A       85%         2
 Passwall                 Tmut/Erth      0%         N/A       85%         2
 Spider Form              Tmut/Pois      0%         N/A       97%         3
 Stone Arrow              Conj/Erth      0%         3d7       97%         3
 Anguish                  Hex/Necr       0%         N/A       100%        4


Dungeon Overview and Level Annotations

Branches:
Dungeon (5/15)
 Temple: D:4-7

Altars:
Sif Muna
Wu Jian

Shops:
D:4 [?


Message History

The black bear is lightly wounded.
The black bear bites you.
* * * LOW HITPOINT WARNING * * *
The black bear claws you.
* * * LOW HITPOINT WARNING * * *
The black bear claws you but does no damage.
You barely miss the black bear.
The black bear is lightly wounded.
The black bear bites you.
* * * LOW HITPOINT WARNING * * *
The black bear claws you but does no damage. x2
Okay, then.
As you read the scroll labelled VYUNELESIH, it crumbles to dust.
You feel aware of your surroundings.
You sensed 1 altar.
It was a scroll of magic mapping.
The black bear bites you but does no damage.
The black bear claws you but does no damage.
The black bear barely misses you.
As you read the scroll labelled BUSECR MOASSYM, it crumbles to dust.
Magic quickly surges around you.
It was a scroll of vulnerability.
The black bear bites you but does no damage.
The black bear completely misses you.
The black bear claws you but does no damage.
As you read the scroll labelled TORY FEONG, it crumbles to dust.
It is a scroll of identify.
z - a scroll of enchant armour The black bear barely misses you.
The black bear claws you.
* * * LOW HITPOINT WARNING * * *
The black bear claws you.
* * * LOW HITPOINT WARNING * * *
As you read the scroll labelled FOMUUCUNIR, it crumbles to dust.
It is a scroll of amnesia.
You feel forgetful for a moment.
The black bear bites you but does no damage.
The black bear claws you but does no damage. x2
As you read the scroll labelled JUNUZO ULOHUI, it crumbles to dust.
Your body is wracked with pain!
* * * LOW HITPOINT WARNING * * *
The black bear convulses!
It was a scroll of torment.
The black bear bites you.
You die...

...............>.......#
.................##**#.# ######
#.##.##.###.#.....####.# #.....
#.##...∩...............#####.....
#.#####.###.#.....###............
#.### #.# #.#....##.............†
...># #.# #.....###.#.######.....
....###.###.....###.#.# #.....
................@##.#.# #.....
....#######....h.##.#.# ####.#
....# #......##.#.# #...# #.###
#.#.#..##.#.# #.#.# #.####
#)#.#~.~..#.# #.#.# .....#
#.#.≈≈.~≈...#######.#.# #.##.##
#...≈~∩~≈.<............ #.#†..#*
###.≈≈≈≈≈....######.#..
#..#**,########≈≈≈.....# ##.###


You could see a black bear (weak-willed).

Vanquished Creatures
  2 jellies
  An iguana (D:5)
  A gnoll (D:3)
  7 adders
  A worm (D:2)
  7 orcs
  10 endoplasms
  4 giant cockroaches
  11 hobgoblins
  4 jackals (D:1)
  6 quokkas
  3 ball pythons
  4 bats
  2 frilled lizards
  13 goblins
  4 kobolds
  7 rats
87 creatures vanquished.

Vanquished Creatures (others)
  A worm (D:4)
1 creature vanquished.

Grand Total: 88 creatures vanquished

Notes
Turn   | Place    | Note
-------+----------+-------------------------------------------
     0 | D:1      | wesker116 the Hill Orc Fighter began the quest for the Orb.
     0 | D:1      | Reached XP level 1. HP: 19/19 MP: 1/1
     5 | D:1      | Found a faded altar of an unknown god.
    21 | D:1      | Reached XP level 2. HP: 14/27 MP: 2/2
   302 | D:1      | Reached skill level 3 in Axes
   305 | D:1      | Reached XP level 3. HP: 28/33 MP: 3/3
  1031 | D:2      | Reached XP level 4. HP: 38/41 MP: 4/4
  1235 | D:2      | Reached skill level 4 in Axes
  1435 | D:3      | Reached XP level 5. HP: 30/47 MP: 5/5
  1660 | D:4      | Became a worshipper of Beogh the Brigand
  1708 | D:4      | Found a shimmering blue altar of Sif Muna.
  1801 | D:4      | Reached skill level 5 in Axes
  1839 | D:4      | Found Xoecs's Antique Armour Shop.
  1855 | D:4      | Found Wiodghek's Magic Scroll Shop.
  1941 | D:4      | Found a faded altar of an unknown god.
  1941 | D:4      | Found a faded altar of an unknown god.
  2017 | D:3      | Found an ornate altar of the Wu Jian Council.
  2039 | D:3      | Identified the +3 scale mail of Kiut {Str+3 Int+2}
  2262 | D:5      | Entered Level 5 of the Dungeon
  2268 | D:5      | Reached skill level 1 in Dodging
  2268 | D:5      | Reached XP level 6. HP: 37/53 MP: 6/6
  2279 | D:5      | Noticed a black bear
  2307 | D:4      | Slain by a black bear

Illustrated notes

Levels and vault maps discovered:
D:1:      lightli_arrival_chessboard, layout_loops_ring,
          ebering_ecumenical_altar_petrified
D:2:      layout_loops_corners, serial_rivers, chequers_serial_rivers_micro_d,
          chequers_serial_rivers_small_b, chequers_serial_rivers_room_a,
          chequers_serial_rivers_room_b
D:3:      layout_rooms, nicolae_wu_jian_wuxing_cycle, minmay_cupped
D:4:      layout_loops_ring, nicolae_hepliaklqana_ecumenical_no_more,
          led_sif_book, serial_shops, nicolae_shop_crystal,
          nicolae_shop_waterfront
D:5:      layout_basic

Skill      XL: |  1  2  3  4  5 |
---------------+----------------+-----
Fighting       | 4 |  4.6
Axes           | 3 4 5 |  5.8
Armour         | 4 |  4.4
Dodging        | 1 |  1.0
Shields        | |  3.9

Action                     |  1- 3 |  4- 6 || total
---------------------------+-------+-------++-------
  Melee: War axe           |    17 |       ||    17
         Hand axe          |   122 |   174 ||   296
 Invoke: Convert to Beogh  |       |     1 ||     1
    Use: Scroll            |       |     5 ||     5
 Armour: Scale mail        |    81 |    36 ||   117
         Plate armour      |    12 |   133 ||   145
  Dodge: Dodged            |    79 |    51 ||   130
  Block: Buckler           |    39 |    43 ||    82
